 Dungeon Crawl Stone Soup version 0.29.0-4-gdea44cf6ec (webtiles) character file.

Game seed: 10725920828168835730

16 qw the Chopper (level 2, -4/17 HPs)
             Began as a Tengu Warper on Aug 28, 2022.
             Killed by nerve-wracking pain
             ... invoked by Jessica
              (12 damage)
             ... on level 2 of the Dungeon.
             The game lasted 00:00:05 (1238 turns).

qw the Chopper (Tengu Warper)                       Turns: 1238, Time: 00:00:05

Health: -4/17      AC:  9    Str: 11    XL:     2   Next: 58%
Magic:  6/6        EV:  5    Int: 13    God:
Gold:   40         SH:  0    Dex: 13    Spells: 5/5 levels left

rFire   . . .      SeeInvis .   Y - +0 hand axe
rCold   . . .      Faith    .   (no shield)
rNeg    . . .      Spirit   .   e - +0 chain mail
rPois   .          Reflect  .   (helmet restricted)
rElec   .          Harm     .   i - +0 cloak
rCorr   .          Rampage  .   (no gloves)
Will    .....                   (boots unavailable)
Stlth   ..........              (no amulet)
HPRegen 0.05/turn               (no ring)
MPRegen 0.10/turn               (no ring)

@: no status effects
A: beak, talons 3
a: no special abilities


You were on level 2 of the Dungeon.
You visited 1 branch of the dungeon, and saw 2 of its levels.

You collected 40 gold pieces.


Innate Abilities, Weirdness & Mutations

You have a beak for a mouth.
You have claws for feet.


   Skills:
 - Level 2.0 Fighting
 + Level 3.4 Axes
 - Level 1.0 Throwing
 - Level 1.1 Armour
 - Level 2.1 Dodging
 - Level 2.0 Spellcasting
 - Level 2.4 Translocations


You had 5 spell levels left.
You didn't know any spells.
Your spell library contained the following spells:

 Spells                   Type           Power      Damage    Failure   Level
 Blink                    Tloc           14%        N/A       100%        2
 Gell's Gravitas          Tloc           7%         N/A       100%        3
 Lesser Beckoning         Tloc           7%         N/A       100%        3
 Teleport Other           Tloc           7%         N/A       100%        3
 Manifold Assault         Tloc           7%         N/A       100%        5

Inventory:

Hand Weapons
 d - a +0 club
 Y - a +0 hand axe (weapon)
Armour
 e - a +0 chain mail (worn)
 i - a +0 cloak (worn)
Scrolls
 a - a scroll of fog {unknown}
 b - a scroll of vulnerability {unknown}
 c - a scroll of identify
Potions
 g - a potion of curing {unknown}
 h - a potion of berserk rage {unknown}
 k - a potion of heal wounds

Dungeon Overview and Level Annotations

Branches:
Dungeon (2/15)

Altars:

Annotations:
D:2 Jessica


Message History

You open the door.
Jessica the Apprentice Sorceress comes into view.
She is wielding a +0 dagger.
Jessica shouts!
There is an open door here.
Enter note:
Enter note: A quokka comes into view.
Jessica points at you and mumbles some strange words.
Pain shoots through your body!
Ouch! That really hurt!
Jessica gestures wildly while chanting.
Jessica blinks!
You barely miss the quokka. Your peck misses the quokka.
The quokka bites you but does no damage. x2
You closely miss the quokka. Your kick misses the quokka.
You peck the quokka, but do no damage.
Jessica shouts, "You're disturbing me!
I'll have to kill you!" The quokka completely misses you.
You closely miss the quokka. The quokka bites you.
You miss the quokka.
The quokka bites you but does no damage. x2
Jessica hits you but does no damage.
You barely miss Jessica. You claw Jessica. You peck Jessica.
Jessica is heavily wounded.
You closely miss the quokka.
The quokka bites you but does no damage.
Jessica hits you but does no damage.
You hit Jessica.
Jessica is heavily wounded.
You closely miss the quokka. The quokka barely misses you.
Jessica hits you but does no damage.
The quokka bites you but does no damage.
You closely miss Jessica.
Jessica is heavily wounded.
You miss the quokka.
Jessica points at you and mumbles some strange words.
Pain shoots through your body!
Ouch! That really hurt!
You die...

#.......# .... #...)...#
.... #.......< .....
#.......# .....
#.......# ......
#####.......# ......####
#...+.......#
......@..###.###.......#
......r@.'.......#......
.........##.####.#.##.##
....##...##.# #...##.#
... #...##.#########.# .
#...##+#.....#...#
#............##.##
#............##.###
####.........##.#..
...........##.#.#


You could see Jessica and a quokka.

Vanquished Creatures
  2 endoplasms
  A giant cockroach (D:1)
  2 goblins
  2 hobgoblins (D:1)
  2 ball pythons (D:1)
  3 bats
  3 rats (D:1)
15 creatures vanquished.

Notes
Turn   | Place    | Note
-------+----------+-------------------------------------------
     0 | D:1      | qw the Tengu Warper began the quest for the Orb.
     0 | D:1      | Reached XP level 1. HP: 12/12 MP: 4/4
     0 | D:1      | 0 ||| qw: Version: 0.1-a-89-g26bdef1
     0 | D:1      | 0 ||| qw: Game counter: 531
     0 | D:1      | 0 ||| qw: Always use a shield: true
     0 | D:1      | 0 ||| qw: God list: Okawaru
     0 | D:1      | 0 ||| qw: Allow faded altars: false
     0 | D:1      | 0 ||| qw: Do Orc after D:15 true
     0 | D:1      | 0 ||| qw: Do second Lair branch before Depths: true
     0 | D:1      | 0 ||| qw: Lair rune preference: random
     0 | D:1      | 0 ||| qw: Plans: Normal
     0 | D:1      | 0 ||| PLANNING D:1-11
   268 | D:1      | Reached XP level 2. HP: 15/17 MP: 6/6
   318 | D:1      | Reached skill level 3 in Axes
   844 | D:1      | 844 ||| UPGRADING to +0 chain mail.
   854 | D:1      | 854 ||| DROPPING +0 leather armour.
   855 | D:1      | 855 ||| UPGRADING to +0 cloak.
   860 | D:1      | 860 ||| READING scroll labelled PELUFA SETZ.
   861 | D:1      | 861 ||| READING scroll labelled YNEEMO JULUGY.
   862 | D:1      | 862 ||| DRINKING 2 sedimented coppery potions.
   863 | D:1      | 863 ||| DRINKING 2 emerald potions.
   864 | D:1      | 864 ||| DROPPING scroll of blinking.
   865 | D:1      | 865 ||| DROPPING potion of flight.
  1227 | D:2      | Noticed Jessica
  1238 | D:2      | Killed from afar by Jessica

Levels and vault maps discovered:
D:1:      minmay_arrival_up_and_down, layout_basic, minmay_indecisive_spiral
D:2:      layout_basic, hellmonk_ecumenical_altar_arch_garden,
          uniq_crazy_yiuf_cottage, uniq_jessica

Skill      XL: |  1  2 |
---------------+-------+-----
Axes           | 3 |  3.4
Fighting       | |  2.0
Throwing       | |  1.0
Armour         | |  1.1
Dodging        | |  2.1
Spellcasting   | |  2.0
Translocations | |  2.4

Action                   || total
-------------------------++-------
Melee: Hand axe          ||    37
       Kick              ||     8
       Peck              ||     5
Throw: Boomerang         ||     7
  Use: Scroll            ||     2
       Potion            ||     2
Armor: Leather armour    ||     6
       Chain mail        ||    11
Dodge: Dodged            ||     9

Table legend:
 A = Non-vault XP
 B = Vault XP
 C = Vault XP percentage of total XP
 D = Non-vault monster count
 E = Vault monster count
 F = Vault count percentage of total count
                 A         B        C        D         E       F
            +---------+---------+-------+---------+---------+-------
      Total |      17 |       7 |  29.2 |      11 |       4 |  26.7
            +---------+---------+-------+---------+---------+-------
        D:1 |      12 |       7 |  36.8 |       8 |       4 |  33.3
        D:2 |       5 |       0 |   0.0 |       3 |       0 |   0.0
            +---------+---------+-------+---------+---------+-------
